Map: 이터널 엠파이어 - 래더

Players

Cure - Winner!

  • Race: Terran Terran
  • Spawn Location: 1:00

Hurricane

  • Race: Protoss Protoss
  • Spawn Location: 7:00

Event: IEM Katowice 2020

VOD

Have the link to the VOD?

Description

Time

  • Played on: Feb. 28, 2020, 10:13 a.m.
  • Length: 13:30

All games in this series

Show
View Real Time Build Order
Export as new Build Order

Cure Terran - Winner!

Build Orders: Reaper Expand, Hellion Banshee 

Get SALT Encoding   

  12  0:00  SCV  
  13  0:12  SCV  
  14  0:17  Supply Depot  
  14  0:25  SCV  
  15  0:38  SCV  
  15  0:39  Barracks  
  16  0:43  Refinery  
  16  0:50  SCV  
  17  1:02  SCV  
  18  1:15  SCV  
  19  1:26  Reaper  
  19  1:27  Orbital Command  
  20  1:45  Command Center  
  20  1:53  SCV, Supply Depot  
  21  1:57  Marine  
  22  2:05  SCV  
  23  2:10  Factory  
  23  2:15  Refinery  
  23  2:17  SCV  
  23  2:20  Barracks Reactor  
  24  2:29  SCV  
  25  2:41  SCV  
  26  2:53  SCV  
  26  2:55  Starport  
  26  2:57  Orbital Command  
  27  3:01  Hellion x2  
  31  3:06  SCV  
  31  3:08  Barracks Tech Lab  
  32  3:18  SCV  
  33  3:20  Supply Depot  
  33  3:22  Hellion x2  
  37  3:29  SCV  
  37  3:30  SCV  
  39  3:36  Cloaking Field  
  39  3:38  Barracks Tech Lab  
  39  3:39  Banshee  
  42  3:41  SCV  
  42  3:42  SCV  
  42  3:47  Hellion  
  46  3:49  Hellion  
  46  3:54  Supply Depot  
  48  3:56  SCV  
  48  3:57  SCV  
  50  4:09  SCV x2  
  52  4:12  Marine  
  52  4:13  Marine  
  52  4:19  Siege Tank  
  52  4:21  SCV x2  
  50  4:24  Banshee  
  50  4:28  Bunker  
  50  4:31  Marine x2  
  53  4:33  SCV x2  
  57  4:42  Command Center  
  57  4:46  SCV x2  
  57  4:49  Supply Depot  
  57  4:52  Supply Depot  
  59  4:57  Factory Reactor  
  59  4:58  SCV x2  
  61  5:07  Marine, Stimpack  
  61  5:10  SCV x2  
  61  5:16  Barracks  
  61  5:19  Barracks  
  61  5:20  Refinery  
  61  5:21  Refinery  
  61  5:27  Raven, Marine  
  60  5:29  SCV x2  
  60  5:34  Engineering Bay  
  62  5:37  Engineering Bay  
  62  5:38  Supply Depot  
  62  5:47  SCV x2  
  62  5:49  Marauder  
  66  5:52  Barracks  
  66  5:53  Barracks  
  66  5:54  Orbital Command  
  66  5:59  SCV x2  
  68  6:05  Marine x2  
  68  6:08  Terran Infantry Weapons Level 1  
  68  6:09  Terran Infantry Armor Level 1  
  68  6:10  Marauder  
  72  6:15  SCV x2  
  76  6:21  Starport Reactor  
  76  6:22  SCV  
  75  6:26  Combat Shield, Marauder  
  75  6:27  Marine x2, SCV  
  75  6:28  SCV  
  75  6:30  Widow Mine  
  83  6:33  Supply Depot  
  83  6:34  Marauder  
  83  6:37  SCV  
  87  6:40  SCV  
  87  6:43  Barracks Reactor  
  87  6:44  Barracks Tech Lab  
  84  6:47  Concussive Shells, Missile Turret  
  84  6:48  Marauder  
  84  6:51  Missile Turret  
  84  6:52  Marine, Missile Turret  
  84  6:53  Marine  
  88  6:55  Widow Mine, Orbital Command  
  88  6:56  Marauder  
  92  7:02  SCV x2  
  92  7:04  Widow Mine, Marauder  
  92  7:07  Supply Depot  
  92  7:08  Medivac  
  100  7:09  Marauder  
  100  7:10  Supply Depot  
  100  7:11  Medivac  
  100  7:15  Marine x2  
  104  7:17  SCV, Widow Mine  
  109  7:28  Marine x2, Supply Depot x2  
  109  7:29  SCV, Armory, Marauder x2  
  116  7:30  SCV  
  116  7:32  SCV, Marauder  
  117  7:41  Marine x2  
  117  7:42  Medivac  
  119  7:47  Widow Mine x2  
  119  7:50  Marauder x2  
  127  7:52  Refinery  
  127  7:53  Supply Depot, Refinery  
  127  7:54  SCV x3  
  127  7:56  Marine x2  
  127  7:57  Marauder  
  134  8:01  Marine x2  
  134  8:02  Medivac  
  138  8:06  Supply Depot  
  134  8:15  Marine x2, Marauder  
  134  8:16  Marauder  
  134  8:17  Medivac, Widow Mine x2  
  134  8:18  Marauder  
  134  8:19  Marine  
  149  8:24  Supply Depot  
  149  8:27  Marine  
  149  8:29  Supply Depot  
  149  8:32  SCV x3, Medivac  
  154  8:43  Marauder  
  154  8:46  Marine x4, Marauder x2  
  154  8:48  SCV  
  165  8:51  SCV x2  
  159  9:06  Terran Infantry Weapons Level 2, Terran Infantry Armor Level 2  
  156  9:12  SCV x3  
  143  9:26  Marine x4, Marauder  
  143  9:27  Marauder x2  
  143  9:28  Medivac x2  
  143  9:29  Widow Mine x2  
  127  9:31  SCV x2  
  126  9:41  Bunker  
  126  9:44  Marine x2  
  126  9:45  Ghost Academy  
  127  9:48  Marauder, Command Center  
  127  9:50  Marine x2, Marauder x2  
  135  9:56  Widow Mine x2  
  139  10:00  Medivac  
  139  10:02  Starport  
  139  10:04  Medivac  
  139  10:06  SCV x3  
  146  10:09  Marauder  
  146  10:13  Marine x4, Marauder x2  
  156  10:19  Widow Mine x2  
  156  10:31  Marauder  
  156  10:32  Enhanced Shockwaves  
  156  10:33  Marine x4  
  160  10:45  Ghost x2  
  161  10:51  Marine x4  
  165  10:58  Ghost  
  165  11:02  SCV  
  165  11:03  SCV x2  
  170  11:09  Viking x2  
  170  11:10  Barracks  
  174  11:12  Barracks  
  174  11:13  Barracks  
  174  11:15  SCV x3  
  171  11:27  SCV x3  
  171  11:32  Marine x4, Ghost x2  
  174  11:33  Marauder  
  174  11:38  Planetary Fortress  
  174  11:39  SCV x3  
  143  11:55  Medivac x2  
  143  11:57  Marine x4, Marauder  
  143  12:00  Barracks Tech Lab x2  
  157  12:01  Marauder x2  
  157  12:03  Refinery x2  
  141  12:15  Marine x3  
  141  12:18  Marauder  
  141  12:21  Command Center  
  147  12:22  Marauder  
  147  12:23  Marauder  
  147  12:24  Ghost  
  147  12:25  Marine, Marauder  
  147  12:28  Barracks Reactor  
  147  12:29  Medivac  
  153  12:32  Marine  
  153  12:33  Marine x2  
  156  12:40  Marauder  
  156  12:43  Marine  
  161  12:44  Marauder x2  
  161  12:47  Marauder  
  161  12:50  Marine x3  
  159  12:53  Marauder  
  166  13:01  Marine, Marauder  
  166  13:05  Marauder x2  
  167  13:08  Marine x5, Marauder  
Show
View Real Time Build Order
Export as new Build Order

Hurricane Protoss 

Build Orders: 1 Gate Expand, Blink Stalkers 

Get SALT Encoding   

  12  0:00  Probe  
  13  0:13  Probe  
  14  0:17  Pylon  
  14  0:25  Probe (Chrono Boost)  
  15  0:36  Gateway  
  15  0:37  Probe (Chrono Boost)  
  16  0:43  Probe (Chrono Boost)  
  16  0:46  Assimilator  
  17  0:51  Probe  
  18  1:03  Probe  
  19  1:15  Probe  
  20  1:23  Nexus  
  20  1:33  Cybernetics Core  
  20  1:36  Probe  
  21  1:42  Assimilator  
  21  1:48  Probe  
  21  1:52  Pylon  
  22  2:00  Probe  
  23  2:08  Adept (Chrono Boost)  
  23  2:09  Warp Gate  
  23  2:12  Probe  
  26  2:24  Probe  
  26  2:26  Twilight Council  
  26  2:28  Stalker (Chrono Boost)  
  27  2:35  Probe (Chrono Boost)  
  31  2:40  Probe (Chrono Boost)  
  31  2:47  Probe (Chrono Boost)  
  33  2:52  Probe (Chrono Boost)  
  33  2:53  Probe (Chrono Boost)  
  34  3:00  Robotics Facility  
  34  3:01  Probe  
  34  3:02  Probe  
  36  3:13  Probe (Chrono Boost)  
  36  3:14  Probe (Chrono Boost)  
  36  3:16  Gateway, Blink (Chrono Boost)  
  38  3:26  Probe (Chrono Boost)  
  40  3:27  Pylon  
  40  3:31  Probe (Chrono Boost), Stalker  
  40  3:33  Probe (Chrono Boost)  
  43  3:38  Probe  
  43  3:40  Probe  
  44  3:48  Observer  
  46  3:50  Probe  
  47  3:57  Probe, Nexus  
  47  4:00  Pylon  
  48  4:05  Pylon  
  46  4:10  Stalker  
  46  4:11  Stalker  
  36  4:25  Probe (Chrono Boost)  
  36  4:29  Probe (Chrono Boost)  
  38  4:33  Observer  
  38  4:36  Probe (Chrono Boost)  
  41  4:39  Probe (Chrono Boost)  
  41  4:42  Probe (Chrono Boost)  
  41  4:45  Assimilator  
  42  4:49  Probe (Chrono Boost)  
  44  4:55  Probe x2 (Chrono Boost), Pylon, Observer  
  44  4:58  Stalker  
  48  5:05  Probe (Chrono Boost)  
  45  5:08  Probe (Chrono Boost)  
  45  5:13  Probe (Chrono Boost), Stalker  
  49  5:19  Probe (Chrono Boost)  
  49  5:20  Probe (Chrono Boost)  
  48  5:22  Probe (Chrono Boost)  
  48  5:24  Probe (Chrono Boost)  
  48  5:27  Probe  
  50  5:29  Stalker  
  50  5:31  Observer  
  50  5:33  Probe (Chrono Boost)  
  55  5:35  Probe (Chrono Boost)  
  55  5:37  Observer  
  56  5:43  Probe (Chrono Boost)  
  56  5:47  Probe (Chrono Boost)  
  57  5:50  Probe (Chrono Boost)  
  57  5:51  Assimilator  
  57  5:52  Forge  
  57  5:53  Forge  
  57  5:55  Probe x2 (Chrono Boost)  
  60  5:57  Probe (Chrono Boost)  
  60  6:00  Charge  
  62  6:08  Probe x2 (Chrono Boost)  
  62  6:09  Probe (Chrono Boost)  
  62  6:10  Stalker  
  65  6:14  Probe x2 (Chrono Boost)  
  68  6:21  Probe (Chrono Boost)  
  68  6:24  Probe (Chrono Boost)  
  70  6:26  Protoss Ground Weapons Level 1, Protoss Ground Armor Level 1  
  70  6:28  Probe (Chrono Boost)  
  70  6:29  Probe (Chrono Boost)  
  72  6:32  Probe (Chrono Boost)  
  72  6:36  Immortal  
  72  6:39  Probe (Chrono Boost)  
  77  6:40  Probe (Chrono Boost)  
  77  6:43  Probe (Chrono Boost)  
  77  6:44  Probe (Chrono Boost)  
  78  6:47  Probe  
  78  6:54  Probe x2, Sentry x2  
  84  7:01  Gateway  
  84  7:04  Gateway  
  84  7:06  Probe x2  
  84  7:07  Gateway  
  86  7:09  Pylon, Gateway  
  86  7:10  Probe  
  86  7:15  Gateway  
  87  7:16  Templar Archives  
  87  7:19  Zealot  
  87  7:21  Zealot  
  91  7:26  Gateway  
  91  7:30  Warp Prism (Chrono Boost)  
  93  7:42  Probe x3, Assimilator  
  93  7:43  Assimilator  
  93  7:44  Psionic Storm  
  94  7:45  Pylon  
  94  7:49  Zealot x2  
  98  7:56  Pylon, High Templar  
  98  7:57  Pylon  
  100  7:59  Pylon  
  100  8:01  Probe  
  100  8:03  Probe x2  
  101  8:12  High Templar  
  101  8:13  Zealot x3  
  101  8:17  Shield Battery  
  105  8:21  High Templar x2  
  105  8:22  Immortal (Chrono Boost), Zealot  
  115  8:27  Pylon  
  115  8:30  Archon  
  113  8:39  Zealot x2  
  113  8:40  Zealot x2  
  114  8:51  Protoss Ground Weapons Level 2 (Chrono Boost)  
  114  8:52  High Templar x2  
  114  8:54  Immortal (Chrono Boost), Zealot x2  
  124  9:08  Zealot x2  
  124  9:09  Stalker x2  
  126  9:17  Archon  
  126  9:20  Protoss Ground Armor Level 2 (Chrono Boost)  
  100  9:31  Archon  
  100  9:32  High Templar x2  
  100  9:36  High Templar, Zealot  
  100  9:37  Zealot x4  
  100  9:38  Warp Prism (Chrono Boost)  
  116  9:44  Nexus  
  116  9:50  Pylon  
  116  9:51  Probe x3  
  119  9:53  Pylon  
  119  9:57  High Templar  
  119  9:59  Zealot x4  
  129  10:05  Pylon, Robotics Bay  
  129  10:07  Photon Cannon  
  129  10:08  Shield Battery  
  129  10:20  Stalker x2  
  129  10:21  Zealot x3  
  129  10:33  Probe, Nexus  
  129  10:35  Pylon  
  128  10:38  Pylon  
  128  10:49  High Templar x2  
  124  10:50  Robotics Facility  
  124  10:51  Zealot x6  
  136  10:57  Disruptor (Chrono Boost)  
  136  11:00  Photon Cannon  
  136  11:01  Shield Battery  
  139  11:12  Stalker x4  
  139  11:17  Stalker  
  140  11:29  Archon  
  125  11:37  Zealot x4  
  125  11:38  Zealot x2  
  120  11:47  Zealot x2  
  102  11:58  Stalker x4  
  102  12:03  Zealot x2  
  106  12:12  High Templar x2  
  106  12:14  Probe x2  
  112  12:17  Assimilator  
  112  12:18  Archon  
  112  12:23  Probe x2, High Templar  
  112  12:24  High Templar x2  
  112  12:25  Sentry, Stalker  
  112  12:26  Probe  
  112  12:27  Zealot  
  125  12:47  Zealot x3  
  125  12:51  Zealot  
  123  12:54  Archon  
  123  12:57  Zealot x4  
  119  13:11  High Templar, Zealot x2  
  119  13:12  Zealot  
  127  13:16  Archon  
  127  13:19  Zealot  
  109  13:20  Zealot x3  

Tags
 
Add a new tag
Caveats
  • Supply blocks, unpowered buildings, or Contaminate may cause inaccurate times.
  • Supply counts are checked every 10 seconds.